 Dungeon Crawl Stone Soup version 0.22-a0-769-g178e55541d (webtiles) character file.

50 Htamos the Conjurer (level 3, -12/21 HPs)
             Began as an Octopode Conjurer on July 17, 2018.
             Mangled by a gnoll
             ... wielding a +0 halberd
              (13 damage)
             ... on level 2 of the Dungeon.
             The game lasted 00:02:30 (1196 turns).

Htamos the Conjurer (Octopode Conjurer)             Turns: 1196, Time: 00:02:31

Health: -12/21     AC:  1    Str:  7    XL:     3   Next: 79%
Magic:  0/7        EV: 13    Int: 18    God:
Gold:   130        SH:  0    Dex: 12    Spells: 7/8 levels left

rFire    . . .     SeeInvis .   (no weapon)
rCold    . . .     Gourm    .   (no shield)
rNeg     . . .     Faith    .   (helmet restricted)
rPois    .         Spirit   .   (no amulet)
rElec    .         Reflect  .   (no ring)
rCorr    .         Harm     .   (no ring)
MR       .....                  (no ring)
Stlth    +++.......             (no ring)
HPRegen  0.07/turn              (no ring)
MPRegen  0.10/turn              (no ring)
                                (no ring)
                                (no ring)

@: very slightly contaminated
A: almost no armour, stealthy swim, amphibious, 8 rings, constrict 8, camouflage
1, gelatinous body 1
a: no special abilities


You were on level 2 of the Dungeon.
You were not hungry.

You visited 1 branch of the dungeon, and saw 2 of its levels.

You collected 130 gold pieces.

Inventory:

Scrolls
 c - 2 scrolls of remove curse {unknown}
 e - a scroll of identify {unknown}
 g - a scroll of blinking {unknown}
 h - a scroll of fog {unknown}
 i - a scroll of teleportation {unknown}
 j - a scroll of magic mapping {unknown}
Potions
 a - a potion of flight {unknown}
 f - 2 potions of might {unknown}
 k - 3 potions of curing {unknown}
 l - a potion of heal wounds {unknown}
Comestibles
 b - 2 rations


   Skills:
 - Level 2.0 Dodging
 + Level 3.6 Stealth
 * Level 3.0 Spellcasting
 + Level 4.3 Conjurations


You had 7 spell levels left.
You knew the following spells:

 Your Spells              Type           Power        Failure   Level  Hunger
a - Magic Dart            Conj           ###.         2%          1    None

Your spell library contained the following spells:

 Spells                   Type           Power        Failure   Level  Hunger
 Iskenderun's Mystic Bla  Conj           ###.....     26%         4    ####...
 Fulminant Prism          Conj/Hex       ##........   54%         4    ####...
 Dazzling Spray           Conj/Hex       ##....       21%         3    ###....
 Force Lance              Conj/Tloc      ##......     54%         4    ####...
 Searing Ray              Conj           ###...       4%          2    ##.....


Dungeon Overview and Level Annotations

Branches:
Dungeon (2/15)

Altars:


Innate Abilities, Weirdness & Mutations

You cannot wear most types of armour.
You are very stealthy in the water. (Stealth+)
You are amphibious.
You can wear up to eight rings at the same time.
You can use your tentacles to constrict eight enemies at once.
Your skin changes colour to match your surroundings (Stealth+).
Your rubbery body absorbs attacks. (AC +1, EV +1)


Message History

Confirm with . or Enter, or press ? or * to list all spells.
Aiming: Magic Dart (safe; 2% risk of failure)
Press: ? - help, Shift-Dir - straight line, f/p - gnoll
Aim: a gnoll, wielding a whip (severely wounded)
The magic dart hits the gnoll.
The gnoll is almost dead.
* * * LOW MAGIC WARNING * * *
The bat closely misses you. The bat hits you.
* * * LOW HITPOINT WARNING * * *
The gnoll barely misses you.
You tentacle-slap the gnoll but do no damage.
You grab the gnoll. Your squeeze misses the gnoll.
The gnoll is almost dead.
You constrict the gnoll.
You kill the gnoll!
Your Spellcasting skill increases to level 3!
The bat barely misses you. The bat closely misses you.
The gnoll hits you from afar with a halberd!
Ouch! That really hurt!
You die...

...#.#...#.#.....#.# .#
#w#...#.#######.# #.#...#.#
#.# #.##.##.# #####.#
#.......# #...... ####g####
#.###.# #.######.###.#
##############.##..........
#....$..gb@)......###.##.##
#.#####.g#####.#### #.##.##
#g# #..# #.# #...... #g#
#..# #.# ##..... #.# #.##
#[# ##...# #.#####g### #.#
##.## #..gg..g..# #.# #.#
####....#.# ... #.#
####...# #.#


You could see 2 gnolls and a bat.

Vanquished Creatures
  A gnoll (D:2)
  2 dart slugs (D:1)
  A leopard gecko (D:1)
  4 bats
  A giant cockroach (D:2)
  2 goblins (D:1)
  5 hobgoblins
  4 jackals (D:1)
  A kobold (D:1)
  A quokka (D:2)
  8 frilled lizards (D:2)
  5 rats
35 creatures vanquished.

Notes
Turn   | Place    | Note
-------+----------+-------------------------------------------
     0 | D:1      | Htamos the Octopode Conjurer began the quest for the Orb.
     0 | D:1      | Reached XP level 1. HP: 11/11 MP: 3/3
   125 | D:1      | Reached XP level 2. HP: 17/17 MP: 0/5
   578 | D:1      | Reached XP level 3. HP: 21/21 MP: 2/7
   772 | D:1      | You fall through a shaft!
  1195 | D:2      | HP: 1/21 [bat (1)]
  1196 | D:2      | Mangled by a gnoll

Vault maps used:
D:1:      minmay_arrival_glassed_features
D:2:      minmay_lizard_pond

Skill      XL: |  1  2  3 |
---------------+----------+-----
Stealth        | 3 |  3.6
Spellcasting   | 3 |  3.0
Dodging        | |  2.0
Conjurations   | |  4.3

Action                   || total
-------------------------++-------
Melee: Unarmed           ||    13
       Constrict         ||     6
       Tentacles         ||     1
 Cast: Magic Dart        ||    70
  Eat: Chunk             ||     1
Armor: Skin              ||    15
Dodge: Dodged            ||    63

Table legend:
 A = Spawn XP
 B = Non-spawn XP
 C = Spawn XP percentage of total XP
 D = Spawn monster count
 E = Non-spawn monster count
 F = Spawn count percentage of total count
 G = Total turns spent on level
                    A         B        C        D         E        F      G
               +---------+---------+-------+---------+---------+-------+---------
         Total |       0 |      72 |   0.0 |       0 |      35 |   0.0 |  1196
               +---------+---------+-------+---------+---------+-------+---------
           D:1 |       0 |      39 |   0.0 |       0 |      20 |   0.0 |   772
           D:2 |       0 |      33 |   0.0 |       0 |      15 |   0.0 |   424
               +---------+---------+-------+---------+---------+-------+---------
